 Dungeon Crawl Stone Soup version 0.23.0-2-g0fe3ce5 (webtiles) character file.

Game seed: 13110561861547774492

48 elfaar the Ruffian (level 3, 0/28 HPs)
             Began as a Draconian Transmuter on Feb 19, 2019.
             Was an Initiate of Okawaru.
             Succumbed to a gnoll's poison
             ... on level 3 of the Dungeon.
             The game lasted 00:14:48 (1165 turns).

elfaar the Ruffian (Draconian Transmuter)           Turns: 1165, Time: 00:14:49

Health: 0/28       AC:  6    Str: 13    XL:     3   Next: 50%
Magic:  5/6        EV: 12    Int: 13    God:    Okawaru [......]
Gold:   71         SH:  0    Dex: 11    Spells: 3/6 levels left

rFire    . . .     SeeInvis .     - Unarmed
rCold    . . .     Gourm    .   (no shield)
rNeg     . . .     Faith    .   (armour unavailable)
rPois    .         Spirit   .   (helmet restricted)
rElec    .         Reflect  .   (no cloak)
rCorr    .         Harm     .   g - +0 pair of gloves
MR       .....                  (no boots)
Stlth    +.........             (no amulet)
HPRegen  0.09/turn              (no ring)
MPRegen  0.10/turn              (no ring)

@: lethally poisoned (0 -> -17)
A: unfitting armour, cold-blooded, AC +5
a: Renounce Religion


You were on level 3 of the Dungeon.
You worshipped Okawaru.
Okawaru was noncommittal.
You were not hungry.

You visited 1 branch of the dungeon, and saw 3 of its levels.

You collected 71 gold pieces.

Inventory:

Hand Weapons
 h - a +1 hunting sling
Missiles
 a - 12 arrows
 b - 37 stones
 f - 6 javelins (quivered)
Armour
 g - a +0 pair of gloves (worn)
Jewellery
 j - an uncursed ring of fire {unknown}
Wands
 e - a wand of scattershot (7)
Potions
 i - a potion of curing {unknown}
 k - a potion of agility {unknown}
Comestibles
 c - 2 rations
 d - a chunk of flesh


   Skills:
 + Level 1.1 Fighting
 + Level 2.4 Dodging
 + Level 0.8 Stealth
 + Level 3.6 Unarmed Combat
 + Level 2.1 Spellcasting
 + Level 2.3 Transmutations


You had 3 spell levels left.
You knew the following spells:

 Your Spells              Type           Power        Failure   Level  Hunger
a - Beastly Appendage     Tmut           #.....       10%         1    ##.....
b - Sticks to Snakes      Tmut           #.......     14%         2    ###....

Your spell library contained the following spells:

 Spells                   Type           Power        Failure   Level  Hunger
 Spider Form              Tmut/Pois      #.........   43%         3    ####...
 Ice Form                 Ice/Tmut       #.......     83%         4    #####..
 Blade Hands              Tmut           #.........   95%         5    ######.


Dungeon Overview and Level Annotations

Branches:
Dungeon (3/15)

Altars:
Okawaru

Annotations:
D:3 1 runed translucent door, zorbathegreek's ghost, amateur TrFi


Innate Abilities, Weirdness & Mutations

Your plain brown scales are hard. (AC +5)
You cannot fit into any form of body armour.
You are cold-blooded and may be slowed by cold attacks.


Message History

The rat bites you but does no damage. The gnoll hits you but does no damage.
The rat barely misses you. The gnoll hits you but does no damage.
You see here a gnoll corpse.
You hit the rat.
You kill the rat!
Okawaru accepts your kill. The gnoll completely misses you.
You hit the gnoll.
The gnoll is moderately wounded.
The gnoll barely misses you.
You closely miss the gnoll.
Your tail-slap misses the gnoll.
The gnoll is moderately wounded.
Your talons disappear.
The gnoll hits you from afar with a +0 spear!
The gnoll hits you from afar with a +0 halberd of venom!
* * * LOW HITPOINT WARNING * * *
You are lethally poisoned!
The gnoll hits you with a +2 flail of crushing.
* * * LOW HITPOINT WARNING * * *
x2 You die...

#........#+#.[# ##.#
####....##.##..# ##.#
##..##...##..######..#
####.##.....##...(......
..#.#⌠.%♣!%⌠#.######.##
#.g##.....##.# #.#
#g.##W..##..## #.#
#.g†##⌠##....# #.#
##.#.@###..##.## #.#
#..............####.#
#...###.#######........#
#.. #.# #...###### #.
#.# ##### . #.# #.# #.#
#.


You could see zorbathegreek's ghost and 3 gnolls.

Vanquished Creatures
  A gnoll (D:3)
  2 dart slugs
  5 bats (D:1)
  2 giant cockroaches
  6 goblins
  4 hobgoblins
  5 kobolds
  2 frilled lizards
  6 rats
33 creatures vanquished.

Notes
Turn   | Place    | Note
-------+----------+-------------------------------------------
     0 | D:1      | elfaar the Draconian Transmuter began the quest for the
                  | Orb.
     0 | D:1      | Reached XP level 1. HP: 16/16 MP: 3/3
   163 | D:1      | Reached XP level 2. HP: 21/23 MP: 3/5
   168 | D:1      | Learned a level 2 spell: Sticks to Snakes
   724 | D:2      | Found an iron altar of Okawaru.
   729 | D:2      | Became a worshipper of Warmaster Okawaru
   902 | D:2      | Reached XP level 3. HP: 23/28 MP: 4/6
  1081 | D:3      | Found a runed translucent door.
  1084 | D:3      | Noticed zorbathegreek's ghost (amateur TrFi)
  1165 | D:3      | Succumbed to a gnoll's poison

Skill      XL: |  1  2 |
---------------+-------+-----
Dodging        | 2 |  2.4
Fighting       | |  1.1
Stealth        | |  0.8
Unarmed Combat | |  3.6
Spellcasting   | |  2.1
Transmutations | |  2.3

Action                   || total
-------------------------++-------
Melee: Unarmed           ||   101
       Kick              ||    15
       Tailslap          ||    14
       Punch             ||     1
       Headbutt          ||     2
Throw: Stone             ||     4
 Cast: Beastly Appendage ||    18
  Use: Scroll            ||     5
 Stab: Sleeping          ||     2
  Eat: Chunk             ||     1
Armor: Skin              ||    36
Dodge: Dodged            ||    68
